 Dungeon Crawl Stone Soup version 0.20.0-15-g7f486f2 (webtiles) character file.

72 Omegatherion the Skirmisher (level 4, 0/29 HPs)
             Began as a Gargoyle Monk on June 28, 2017.
             Killed from afar by ANON1729's ghost (6 damage)
             ... with a magic dart
             ... on level 3 of the Dungeon.
             The game lasted 00:02:38 (1883 turns).

Omegatherion the Skirmisher (Gargoyle Monk)         Turns: 1883, Time: 00:02:39

Health: 0/29       AC:  6    Str: 17    XL:     4   Next: 26%
Magic:  4/4        EV: 12    Int: 10    God:
Gold:   103        SH:  0    Dex: 13    Spells: 3/3 levels left

rFire    . . .     SeeInvis .   d - +3 spear
rCold    . . .     Gourm    .   (no shield)
rNeg     + . .     Faith    .   m - +0 leather armour
rPois    ∞         Spirit   .   (no helmet)
rElec    +         Reflect  .   (no cloak)
rCorr    +         Harm     .   (no gloves)
MR       .....                  (no boots)
Stlth    ++........             (no amulet)
Regen    0.1/turn               j - ring of resist corrosion
MPRegen  0.1/turn               p - +2 ring of strength

@: no status effects
A: negative energy resistance 1, electricity resistance, unbreathing,
petrification resistance, rot immunity, AC +3
a: no special abilities


You were on level 3 of the Dungeon.
You were not hungry.

You visited 1 branch of the dungeon, and saw 3 of its levels.

You collected 103 gold pieces.

Inventory:

Hand Weapons
 a - a +0 mace
 d - a +3 spear (weapon)
Armour
 b - a +0 robe
 m - a +0 leather armour (worn)
Jewellery
 j - a ring of resist corrosion (left hand)
 p - a +2 ring of strength (right hand)
Scrolls
 e - a scroll of remove curse {unknown}
 f - 2 scrolls of magic mapping {unknown}
 g - 4 scrolls of teleportation {unknown}
 h - a scroll of fear {unknown}
 i - a scroll of identify {unknown}
 k - a scroll of enchant armour {unknown}
 o - a scroll of recharging {unknown}
 s - a scroll of enchant weapon {unknown}
Potions
 l - 2 potions of lignification {unknown}
Comestibles
 c - 2 bread rations
 n - a fruit
 q - 3 meat rations
 r - a royal jelly


   Skills:
 + Level 4.0 Fighting
 + Level 3.8 Maces & Flails
 + Level 2.0 Armour
 - Level 2.4 Dodging
 - Level 2.2 Stealth


You had 3 spell levels left.
You didn't know any spells.

Dungeon Overview and Level Annotations

Branches:
Dungeon (3/15)

Altars:

Annotations:
D:3 ANON1729's ghost, amateur TeCj


Innate Abilities, Weirdness & Mutations

You are resistant to torment.
Your stone body is resilient. (AC +3)
You are immune to poison.
You resist negative energy. (rN+)
You are resistant to electric shocks. (rElec)
You can survive without breathing.
You are immune to petrification.
You are immune to rotting.


Message History

You miss ANON1729's ghost.
ANON1729's ghost is heavily damaged.
The bat hits you but does no damage. The bat hits you.
ANON1729's ghost hits you.
* * * LOW HITPOINT WARNING * * *
You hit ANON1729's ghost.
ANON1729's ghost is severely damaged.
The bat hits you but does no damage.
ANON1729's ghost gestures at you while chanting.
The magic dart hits you!
* * * LOW HITPOINT WARNING * * *
You hit ANON1729's ghost but do no damage.
ANON1729's ghost is severely damaged.
The bat hits you but does no damage. x2; ANON1729's ghost closely misses you.
You hit ANON1729's ghost.
ANON1729's ghost is severely damaged.
The bat closely misses you.
ANON1729's ghost points at you and mumbles some strange words.
The magic dart hits you!
You die...

#.# ..# ###.# ..#.#
#$#.# #.#.#######
######b#.#.....#########
......W@....)..'........
....##.#.#.....########.
. .....'..............
(.####.#.....########.
... #.#.....# ## ##
#.#.....# # ....##### #
#.#.# # #.# #


You could see ANON1729's ghost and a bat.

Vanquished Creatures
  3 adders (D:2)
  2 worms (D:2)
  2 dart slugs (D:1)
  3 bats
  A giant cockroach (D:1)
  5 goblins
  6 hobgoblins
  6 kobolds
  A ball python (D:1)
  A frilled lizard (D:1)
  7 rats
37 creatures vanquished.

Notes
Turn   | Place    | Note
-------+----------+-------------------------------------------
     0 | D:1      | Omegatherion the Gargoyle Monk began the quest for the Orb.
     0 | D:1      | Reached XP level 1. HP: 14/14 MP: 1/1
   248 | D:1      | Reached XP level 2. HP: 8/19 MP: 2/2
   610 | D:1      | Reached skill level 1 in Armour
   980 | D:1      | Reached XP level 3. HP: 22/23 MP: 3/3
  1375 | D:2      | Reached skill level 4 in Fighting
  1375 | D:2      | Reached XP level 4. HP: 29/29 MP: 4/4
  1868 | D:3      | Noticed ANON1729's ghost (amateur TeCj)
  1883 | D:3      | Killed from afar by ANON1729's ghost

Skill      XL: |  1  2  3  4 |
---------------+-------------+-----
Armour         | 1 2 |  2.0
Fighting       | 4 |  4.0
Maces & Flails | |  3.8
Dodging        | |  2.4
Stealth        | |  2.2

Action                   |  1- 3 |  4- 6 || total
-------------------------+-------+-------++-------
Melee: Spear             |    84 |    28 ||   112
       Mace              |     5 |       ||     5
 Stab: Sleeping          |     4 |     1 ||     5
       Distracted        |     1 |       ||     1
  Eat: Chunk             |     1 |     2 ||     3
Armor: Robe              |    11 |       ||    11
       Leather armour    |    13 |    13 ||    26
Dodge: Dodged            |    37 |    18 ||    55
